 Dungeon Crawl Stone Soup version 0.20.0-7-g3b7b877 (webtiles) character file.

179 Hasart the Poker (level 5, -3/41 HPs)
             Began as a Merfolk Gladiator on May 29, 2017.
             Killed by nerve-wracking pain
             ... invoked by Grinder
              (13 damage)
             ... on level 3 of the Dungeon.
             The game lasted 00:05:51 (3337 turns).

Hasart the Poker (Merfolk Gladiator)                Turns: 3337, Time: 00:05:52

Health: -3/41      AC:  8    Str: 17 (18) XL:     5   Next: 59%
Magic:  5/5        EV: 13    Int: 11 (12) God:
Gold:   103        SH: 11    Dex: 13 (15) Spells: 4/4 levels left

rFire    . . .     SeeInvis .   a - +0 trident
rCold    . . .     Gourm    .   m - +0 large shield
rNeg     . . .     Faith    +   i - +0 ring mail
rPois    .         Spirit   .   c - +0 helmet
rElec    .         Reflect  .   (no cloak)
rCorr    .         Harm     .   e - +0 pair of gloves
MR       .....     Rnd*Tele +   o - +0 pair of boots
Stlth    +.........             p - amulet of faith
Regen    0.6/turn               w - +5 ring of evasion
MPRegen  0.1/turn               (no ring)

@: brilliant
A: change form in water, swift swim, stealthy swim, deterioration 1,
regeneration 1, strong 1, teleportitis 1
a: no special abilities


You were on level 3 of the Dungeon.
You were not hungry.

You visited 1 branch of the dungeon, and saw 4 of its levels.

You collected 103 gold pieces.

Inventory:

Hand Weapons
 a - a +0 trident (weapon)
Missiles
 d - 3 throwing nets (quivered)
Armour
 c - a +0 helmet (worn)
 e - a +0 pair of gloves (worn)
 i - a +0 ring mail (worn)
 m - a +0 large shield (worn)
 o - a +0 pair of boots (worn)
Jewellery
 p - an amulet of faith (around neck)
 w - a +5 ring of evasion (left hand)
Scrolls
 b - a scroll of noise {unknown}
 g - 2 scrolls of teleportation {unknown}
 h - a scroll of magic mapping {unknown}
 r - a scroll of remove curse {unknown}
 v - a scroll of identify {unknown}
 x - a scroll of fog {unknown}
 y - a scroll of enchant weapon {unknown}
Potions
 n - a potion of haste {unknown}
 q - a potion of lignification {unknown}
 t - a potion of degeneration {unknown}
 u - a potion of ambrosia {unknown}
 z - a potion of flight {unknown}
 B - a potion of curing {unknown}
Comestibles
 f - 5 bread rations
 l - 2 royal jellies
 s - 2 meat rations
 A - 2 chunks of flesh


   Skills:
 + Level 3.5 Fighting
 * Level 6.6 Polearms
 - Level 2.0 Throwing
 + Level 5.3 Dodging
 + Level 1.0 Shields


You had 4 spell levels left.
You didn't know any spells.

Dungeon Overview and Level Annotations

Branches:
Dungeon (4/15)
 Temple: D:4-7

Altars:

Annotations:
D:3 Grinder


Innate Abilities, Weirdness & Mutations

You revert to your normal form in water.
You are very nimble and swift while swimming.
You are very stealthy in the water. (Stealth+)
Your body sometimes deteriorates upon taking damage.
Your natural rate of healing is unusually fast.
Your muscles are strong. (Str +2)
You are occasionally teleported next to monsters.


Message History

There are monsters nearby!
There are monsters nearby!
There are monsters nearby!
There are monsters nearby!
Grinder blinks!
The howler monkey hits you. The howler monkey closely misses you.
The howler monkey hits you but does no damage.
The howler monkey hoots and howls with incredible vigour!
You block the howler monkey's attack. Grinder gestures at you.
Pain shoots through your body!
* * * LOW HITPOINT WARNING * * *
Your body deteriorates!
You feel weakened. You block the howler monkey's attack.
Grinder blinks!
The howler monkey closely misses you.
Grinder blinks!
The howler monkey hoots and howls with incredible vigour!
Grinder gestures at you. Pain shoots through your body!
You die...

#.# #.# #.# #.# #.# #.#
#.# #.# ####.######
#.############
##.........##
#............#
##.###.###.#.##
############.# ##..#
#.##.###.#########
####.# ...)###...##
##h@..ยง.5.# #....#
##.#...###h###<#######.#
#.#### ##.#.### ##.#.##
#.# #.# [....# ##.## #.#
#.# ###### #.# #.# #.#
#.# #.# #.# #.# #.# #.#
#.# #.# #.# #.# #.# #.#


You could see Grinder and a howler monkey.

Vanquished Creatures
  A quasit (D:3)
  7 adders
  2 worms (D:2)
  A dart slug (D:1)
  2 leopard geckos
  10 orcs (D:3)
  3 giant cockroaches
  5 goblins
  5 hobgoblins
  7 jackals
  A quokka (D:2)
  13 bats
  2 frilled lizards
  4 kobolds
  6 rats
69 creatures vanquished.

Notes
Turn   | Place    | Note
-------+----------+-------------------------------------------
     0 | D:1      | Hasart the Merfolk Gladiator began the quest for the Orb.
     0 | D:1      | Reached XP level 1. HP: 16/16 MP: 1/1
   146 | D:1      | Reached XP level 2. HP: 22/23 MP: 2/2
   610 | D:1      | Reached skill level 5 in Polearms
   610 | D:1      | Reached XP level 3. HP: 22/28 MP: 3/3
  1398 | D:2      | Reached XP level 4. HP: 22/34 MP: 4/4
  2269 | D:3      | Reached skill level 6 in Polearms
  2462 | D:3      | Reached skill level 5 in Dodging
  2569 | D:3      | Reached XP level 5. HP: 41/41 MP: 5/5
  2893 | D:3      | Reached skill level 1 in Shields
  3111 | D:4      | Noticed Grinder
  3112 | D:4      | Paralysed by Grinder for 6 turns
  3310 | D:3      | Gained mutation: Your body sometimes deteriorates upon taking damage. [potion of mutation]
  3310 | D:3      | Gained mutation: You are occasionally teleported next to monsters. [potion of mutation]
  3310 | D:3      | Gained mutation: Your natural rate of healing is unusually fast. [potion of mutation]
  3310 | D:3      | Gained mutation: Your muscles are strong. (Str +2) [potion of mutation]
  3313 | D:3      | Paralysed by Grinder for 4 turns
  3337 | D:3      | Killed from afar by Grinder

Skill      XL: |  1  2  3  4  5 |
---------------+----------------+-----
Polearms       | 5 6 |  6.6
Fighting       | 3 |  3.5
Dodging        | 5 |  5.3
Shields        | 1 |  1.0
Throwing       | |  2.0

Action                   |  1- 3 |  4- 6 || total
-------------------------+-------+-------++-------
Melee: Trident           |    95 |   203 ||   298
  Use: Potion            |       |     2 ||     2
  Eat: Chunk             |     1 |     7 ||     8
Armor: Leather armour    |     8 |       ||     8
       Ring mail         |    19 |    95 ||   114
Dodge: Dodged            |    58 |   150 ||   208
Block: Large shield      |    23 |   170 ||   193
